 Dungeon Crawl Stone Soup version 0.31-a0-358-gac0dbeb3ab (webtiles) character file.

Game seed: 8419542004597474021

2891 spiderkeys the Ducker (level 9, -5/62 HPs)
             Began as an Octopode Shapeshifter on July 25, 2023.
             Was an Initiate of Gozag.
             Slain by a yak (12 damage)
             ... on level 8 of the Dungeon.
             The game lasted 00:10:07 (8413 turns).

spiderkeys the Ducker (Octopode Shapeshifter)       Turns: 8413, Time: 00:10:08

Health: -5/62      AC:  5    Str: 17    XL:     9   Next: 77%
Magic:  13/13      EV: 15    Int: 12    God:    Gozag
Gold:   562        SH:  0    Dex: 12    Spells: 11/13 levels left

rFire   + .          .
                       - Unarmed
rCold   . . .        r - orb {light}
rNeg    . . .        (helmet currently unavailable)
rPois   +            (no amulet)
rElec   .            F - ring of protection from fire
rCorr   .            O - +4 ring of protection
SInv    .            P - ring of poison resistance
Will    .....        (no ring)
Stlth   +            (no ring)
HPRegen 0.30/turn    (no ring)
MPRegen 0.13/turn    (no ring)
                     (no ring)

%: no passive effects
@: beast-form, gold aura, glowing
A: beast (slay +4), almost no armour, amphibious, 8 rings, camouflage 1,
gelatinous body 1, (nimble swimmer 1), tentacles
a: Begin Untransformation, Renounce Religion, Potion Petition, Call Merchant,
Bribe Branch


You were on level 8 of the Dungeon.
You worshipped Gozag.
Gozag was pleased with you.
You were a hulking beast.
You visited 2 branches of the dungeon, and saw 9 of its levels.

You collected 625 gold pieces.
You paid 63 gold pieces to Gozag.


Innate Abilities, Weirdness & Mutations

You are a hulking beast.
Your limbs bulge with bestial killing power. (Slay +4)
You cannot wear most types of armour.
You are amphibious.
You can wear up to eight rings at the same time.
Your skin changes colour to match your surroundings (Stealth+).
Your rubbery body absorbs attacks. (AC +1, EV +1)
((You are camouflaged when in or above water. (Stealth+)))
You have tentacles for arms and can constrict up to eight enemies at once.


   Skills:
 + Level 6.1 Fighting
 + Level 6.5 Dodging
 - Level 4.2 Unarmed Combat
 + Level 2.7 Spellcasting
 + Level 3.0 Air Magic
 - Level 6.0 Poison Magic
 + Level 6.0 Shapeshifting


You had 11 spell levels left.
You knew the following spells:

 Your Spells              Type           Power      Damage    Failure   Level
p - Poisonous Vapours     Pois/Air       24%        N/A       6%          2

Your spell library contained the following spells:

 Spells                   Type           Power      Damage    Failure   Level
 Mephitic Cloud           Conj/Pois/Air  8%         N/A       22%         3
 Swiftness                Air            8%         N/A       22%         3
 Slow                     Hex            4%         N/A       26%         1
 Ensorcelled Hibernation  Hex/Ice        2%         N/A       36%         2
 Passwall                 Tmut/Erth      0%         N/A       36%         2
 Confusing Touch          Hex            1%         N/A       58%         3
 Ozocubu's Armour         Ice            1%         N/A       58%         3
 Vampiric Draining        Necr           1%         2d6       58%         3
 Passage of Golubria      Tloc           1%         N/A       94%         4
 Silence                  Hex/Air        2%         N/A       98%         5
 Freezing Cloud           Conj/Ice/Air   2%         6-21      99%         5
 Metabolic Englaciation   Hex/Ice        0%         N/A       100%        5
 Lehudib's Crystal Spear  Conj/Erth      0%         10d2      100%        8
 Simulacrum               Ice/Necr       Unusable   N/A       N/A         6

Inventory:

Missiles
 d - 47 stones
 q - 16 poisoned darts
 s - 4 datura-tipped darts
 w - 3 curare-tipped darts {=f}
 y - 8 silver boomerangs
Armour
 r - an orb of light (worn)
   (You found it on level 4 of the Dungeon)
Jewellery
 F - a ring of protection from fire (left tentacle)
   (You found it on level 1 of the Dungeon)
 O - a +4 ring of protection (right tentacle)
   (You found it on level 5 of the Dungeon)
 P - a ring of poison resistance (on tentacle)
   (You found it on level 5 of the Dungeon)
Talismans
 b - a beast talisman
 x - a blade talisman
   (You found it on level 6 of the Dungeon)
Wands
 c - a wand of flame (17)
   (You took it off an orc wizard on level 6 of the Dungeon)
Scrolls
 f - 2 scrolls of immolation {!r!r}
 g - a scroll of teleportation {@r4}
 j - 2 scrolls of fear
 m - a scroll of amnesia
 p - 2 scrolls of vulnerability {!r!r}
 t - 2 scrolls of poison
 u - a scroll of fog
 v - a scroll of torment {!r}
Potions
 a - 2 potions of lignification {!q}
 e - 2 potions of attraction {unknown}
 h - a potion of haste {unknown}
 i - 2 potions of curing {@q1}
 k - 2 potions of invisibility {unknown}
 l - a potion of might {unknown}
 n - 2 potions of enlightenment {unknown}
 o - a potion of heal wounds {@q2}
 z - 3 potions of brilliance {unknown}
 A - a potion of degeneration {!q}

Dungeon Overview and Level Annotations

Branches:
Dungeon (8/15) Zot: 26655  Temple (1/1) D:6 Zot: 5933
   Lair: D:8-11

Altars:
Ashenzari
Cheibriados
Dithmenos
Elyvilon
Gozag
Kikubaaqudgha
Makhleb
Nemelex Xobeh
Okawaru
Qazlal
Sif Muna
Trog
Uskayaw
Vehumet
Wu Jian
Xom
Zin
The Shining One

Annotations:
D:6 2 transporters, howech's ghost, novice MiBe

#.# ##.. $ #.# ...
###.####.# ##
.##.##)..# .#####
.......#####..###.....
..#[#........##......
.....)#########....#
.#..#..####
##.Y○Y.##...
....##....# #...hY...#
##[######.#
#......#...# #.#
#.###..∩...# . #.#
#..........# #.#
##..#.....## #.#
#...###### #.# ###...
##.#### ####. ...##.#
#


You could see 2 yaks and an ice beast.


Message History

MASSIVE DAMAGE!! (PAUSE)
You barely miss the polar bear. The polar bear bites you!
* * * LOW HITPOINT WARNING * * *
The polar bear closely misses you. The polar bear completely misses you.
The polar bear closely misses you. The polar bear claws you.
* * * LOW HITPOINT WARNING * * *
The polar bear claws you but does no damage. 😨 HP[-11]
You take 11 damage, and now have 20/62 hp.
Unknown command.
You tentacle-slap the polar bear but do no damage.
You squeeze the polar bear.
The polar bear bites you but does no damage.
The polar bear claws you.
* * * LOW HITPOINT WARNING * * *
The polar bear barely misses you. 😱 HP[-6]
You take 6 damage, and now have 14/62 hp.
Unknown command.
You tentacle-slap the polar bear. You squeeze the polar bear.
You kill the polar bear!
Your Air Magic skill increases to level 3!
Your Shapeshifting skill increases to level 6!
Key pressed, stopping explore.
Key pressed, stopping explore.
Key pressed, stopping explore.
You now have 562 gold pieces (gained 13).
A yak comes into view.
The yak bellows!
A white imp comes into view.
A yak comes into view. 😎 HP[+48] MP[+1]
Your hp is fully restored (62).
Your mp is fully restored (13).
There are monsters nearby!
There are monsters nearby!
The white imp shouts!
An ice beast comes into view.
A howler monkey simulacrum comes into view.
The yak misses you.
The white imp disappears for a moment.
You tentacle-slap the yak. The yak barely misses you.
You tentacle-slap the yak. You squeeze the yak! The yak barely misses you.
The white imp gestures at you. The puff of frost hits you!
The yak gores you! 😮 HP[-23]
You take 23 damage, and now have 39/62 hp.
MASSIVE DAMAGE!! (PAUSE)
You are too injured to fight recklessly!
You are too injured to fight recklessly!
You are too injured to fight recklessly!
You tentacle-slap the yak. You squeeze the yak. The yak gores you.
The white imp hits you but does no damage.
The yak gores you.
* * * LOW HITPOINT WARNING * * *
😨 HP[-9]
You take 9 damage, and now have 30/62 hp.
You tentacle-slap the white imp. You grab the white imp.
You constrict the white imp. The yak gores you.
* * * LOW HITPOINT WARNING * * *
The white imp misses you. The yak misses you. The ice beast hits you.
* * * LOW HITPOINT WARNING * * *
The ice beast freezes you.
* * * LOW HITPOINT WARNING * * *
😨 HP[-8]
You take 8 damage, and now have 22/62 hp.
You bludgeon the ice beast! You squeeze the ice beast.
You constrict the white imp. The yak closely misses you.
The white imp gestures at you. The puff of frost misses you.
The ice beast hits you but does no damage.
The yak closely misses you.
You tentacle-slap the yak. You constrict the white imp.
You kill the white imp!
The yak misses you. The ice beast barely misses you. The yak gores you.
* * * LOW HITPOINT WARNING * * *
😨 HP[-4]
You take 4 damage, and now have 18/62 hp.
You bludgeon the yak! You squeeze the yak!
The yak gores you but does no damage.
The howler monkey simulacrum barely misses you.
The yak barely misses you. The ice beast hits you.
* * * LOW HITPOINT WARNING * * *
The ice beast freezes you!
* * * LOW HITPOINT WARNING * * *
😱 HP[-9]
You take 9 damage, and now have 9/62 hp.
You tentacle-slap the yak. The yak completely misses you.
The howler monkey simulacrum closely misses you.
The yak gores you.
* * * LOW HITPOINT WARNING * * *
The ice beast barely misses you. 😱 HP[-2]
You take 2 damage, and now have 7/62 hp.
You completely miss the howler monkey simulacrum.
You grab the howler monkey simulacrum.
You squeeze the howler monkey simulacrum!
The ice beast misses you. The yak barely misses you.
The yak closely misses you.
You tentacle-slap the ice beast. The ice beast misses you. The yak gores you!
You die...
Your body crumbles into a pile of gold.

Skill      XL: |  1  2  3  4  5  6  7  8  9 |
---------------+----------------------------+-----
Fighting       | 2 3 4 5 6 |  6.1
Dodging        | 3 4 5 6 |  6.5
Unarmed Combat | 4 |  4.2
Poison Magic   | 2 4 6 |  6.0
Shapeshifting  | 4 5 6 |  6.0
Spellcasting   | 2 |  2.7
Air Magic      | 3 |  3.0

Action                     |  1- 3 |  4- 6 |  7- 9 || total
---------------------------+-------+-------+-------++-------
  Melee: Unarmed           |    60 |    91 |   219 ||   370
         Constrict         |    14 |    23 |    77 ||   114
         Tentacles         |    11 |    20 |    89 ||   120
         Punch             |       |     4 |    12 ||    16
    Use: Scroll            |     1 |     3 |     5 ||     9
         Potion            |       |     1 |     1 ||     2
   Stab: Sleeping          |     4 |     5 |       ||     9
         Distracted        |       |       |     2 ||     2
 Armour: Skin              |     4 |     4 |    36 ||    44
  Dodge: Dodged            |    36 |    62 |   185 ||   283

Levels and vault maps discovered:
D:1:      wander_arrival_lonely_grave, layout_basic,
          hellmonk_ecumenical_altar_blasted, hangedman_decor_push,
          minmay_misc_feat_room
D:2:      layout_basic
D:3:      layout_basic, cheibrodos_ashenzari_chains,
          corexii_item_surrounded_by_moat
D:4:      layout_gridville, lemuel_coloured_pillars_altar, kennysheep_mini_moat,
          nicolae_letterblocks [nicolae_letter_subblock,
          nicolae_letter_subblock, nicolae_letter_subblock,
          nicolae_letter_subblock, nicolae_letter_subblock,
          nicolae_letter_subblock, nicolae_letter_subblock,
          nicolae_letter_subblock, nicolae_letter_subblock,
          nicolae_letter_subblock, nicolae_letter_subblock,
          nicolae_letter_subblock, nicolae_letter_subblock,
          nicolae_letter_subblock, nicolae_letter_subblock,
          nicolae_letter_subblock, nicolae_letter_subblock,
          nicolae_letter_subblock, nicolae_letter_subblock,
          nicolae_letter_subblock, nicolae_letter_subblock,
          nicolae_letter_subblock, nicolae_letter_subblock,
          nicolae_letter_subblock, nicolae_letter_subblock]
D:5:      layout_cave_pools, mainiacjoe_overflow_paths
D:6:      layout_layer_cave, minmay_temple_entry_fiery, gammafunk_ghost_smash,
          nicolae_fountain_basement
D:7:      layout_loops_corners, nicolae_tso_carved_into_rock, marbit_many_paths,
          lemuel_tele_altar, st_stairs_13, grunt_ministairs_4,
          dreamdust_gnoll_farm
D:8:      layout_rooms, serial_ice, serial_ice_n, serial_ice_o, serial_ice_a,
          serial_ice_e, serial_ice_g, minmay_misc_feat_ornament
Temple:   minmay_temple_curvy_loop

Notes
Turn   | Place    | Note
-------+----------+-------------------------------------------
     0 | D:1      | spiderkeys the Octopode Shapeshifter began the quest for
                  | the Orb.
     0 | D:1      | Reached XP level 1. HP: 13/13 MP: 1/1
     0 | D:1      | magus.rc [v1.11.3]
     3 | D:1      | You pick up a book of Debilitation and begin reading...
     3 | D:1      | You add the spells Slow, Vampiric Draining and Confusing
                  | Touch to your library.
   100 | D:1      | Reached XP level 2. HP: 13/18 MP: 2/2
   310 | D:1      | Reached XP level 3. HP: 21/23 MP: 3/3
   350 | D:1      | You pick up a book of Winter and begin reading...
   350 | D:1      | You add the spells Ozocubu's Armour, Metabolic Englaciation
                  | and Simulacrum to your library.
   360 | D:1      | Found a faded altar of an unknown god.
  1523 | D:3      | Reached XP level 4. HP: 29/29 MP: 4/4
  1780 | D:3      | Noticed a scorpion
  1785 | D:3      | Reached skill level 2 in Fighting
  1788 | D:3      | Killed a scorpion
  1789 | D:3      | Reached skill level 3 in Dodging
  1789 | D:3      | Reached XP level 5. HP: 30/35 MP: 5/5
  2003 | D:3      | Found a broken altar of Ashenzari.
  2357 | D:4      | Found a bloodstained altar of Trog.
  2470 | D:4      | Reached skill level 4 in Unarmed Combat
  2470 | D:4      | HP: 7/35 [jackal (3)]
  2478 | D:4      | HP: 8/35 [orc/+0 dagger (3)]
  2482 | D:4      | HP: 3/35 [jackal (2)]
  2930 | D:4      | Reached XP level 6. HP: 41/41 MP: 6/6
  2961 | D:4      | HP: 8/41 [dart slug/slug dart (5)]
  2964 | D:4      | Reached skill level 3 in Fighting
  3158 | D:4      | Found a shimmering altar of Xom.
  3305 | D:4      | You pick up a book of Vapours and begin reading...
  3305 | D:4      | You add the spells Poisonous Vapours, Mephitic Cloud and
                  | Freezing Cloud to your library.
  3326 | D:4      | Learned a level 2 spell: Poisonous Vapours
  3363 | D:5      | Entered Level 5 of the Dungeon
  3374 | D:5      | Reached skill level 1 in Poison Magic
  3374 | D:5      | Reached skill level 4 in Shapeshifting
  3463 | D:5      | Reached skill level 2 in Poison Magic
  3468 | D:5      | Reached skill level 4 in Dodging
  3468 | D:5      | Reached XP level 7. HP: 38/46 MP: 7/7
  3546 | D:5      | HP: 11/46 [orc wizard/+0 dagger (2)]
  3679 | D:5      | HP: 10/46 [iguana (12)]
  3682 | D:5      | HP: 2/46 [iguana (9)]
  3684 | D:5      | Reached skill level 3 in Poison Magic
  4028 | D:5      | Found an ornate altar of the Wu Jian Council.
  4035 | D:5      | Reached skill level 4 in Poison Magic
  4299 | D:5      | Reached skill level 4 in Fighting
  4328 | D:5      | You pick up a book of Burglary and begin reading...
  4328 | D:5      | You add the spells Passwall, Ensorcelled Hibernation and
                  | Swiftness to your library.
  4361 | D:5      | Reached XP level 8. HP: 54/54 MP: 8/8
  4769 | D:6      | HP: 13/54 [centaur/arrow (14)]
  4772 | D:6      | HP: 4/54 [centaur (4)]
  4774 | D:6      | Reached skill level 5 in Poison Magic
  4963 | D:6      | Noticed howech's ghost (novice MiBe)
  4965 | D:6      | Found a transporter.
  4965 | D:6      | Found a transporter.
  4967 | D:6      | Identified the +8 dire flail "Imp's Death Toll" {freeze,
                  | Stlth+}
  4967 | D:6      | Identified the +8 dire flail of Nemelex Xobeh's Esteem
                  | {protect, rElec rF- Will++ Dex+2}
  4967 | D:6      | Noticed a two-headed ogre
  5148 | D:6      | Reached skill level 5 in Dodging
  5275 | D:6      | Reached skill level 6 in Poison Magic
  5275 | D:6      | Reached skill level 5 in Shapeshifting
  5820 | D:6      | Found a staircase to the Ecumenical Temple.
  6024 | Temple   | Entered the Ecumenical Temple
  6057 | Temple   | Became a worshipper of Gozag Ym Sagoz the Greedy
  6170 | D:6      | Reached skill level 5 in Fighting
  6393 | D:7      | Reached XP level 9. HP: 56/61 MP: 9/9
  6644 | D:7      | Reached skill level 1 in Spellcasting
  6644 | D:7      | Reached skill level 1 in Air Magic
  6770 | D:7      | Found a glowing golden altar of the Shining One.
  6803 | D:7      | HP: 14/61 [gnoll/+0 halberd (7)]
  6808 | D:7      | Reached skill level 6 in Dodging
  7115 | D:7      | Found a snail-covered altar of Cheibriados.
  7410 | D:7      | Reached skill level 2 in Air Magic
  7452 | D:7      | You pick up a book of Burglary and begin reading...
  7490 | D:7      | Reached skill level 2 in Spellcasting
  7905 | D:7      | You pick up a book of the Moon and begin reading...
  7905 | D:7      | You add the spells Passage of Golubria, Silence and
                  | Lehudib's Crystal Spear to your library.
  8039 | D:7      | Found a shadowy altar of Dithmenos.
  8128 | D:8      | Reached skill level 6 in Fighting
  8228 | D:8      | Noticed a polar bear
  8238 | D:8      | HP: 14/62 [polar bear (6)]
  8239 | D:8      | Killed a polar bear
  8240 | D:8      | Reached skill level 3 in Air Magic
  8240 | D:8      | Reached skill level 6 in Shapeshifting
  8410 | D:8      | HP: 9/62 [ice beast (9)]
  8413 | D:8      | Slain by a yak

Vanquished Creatures
  A polar bear (D:8)
  A steam dragon (D:7)
  4 water moccasins
  2 centaurs
  A phantom (D:5)
  An ogre (D:5)
  A kobold brigand (D:7)
  A gnoll sergeant (D:7)
  5 scorpions
  A howler monkey (D:7)
  4 jellies
  3 orc priests
  6 hounds
  A gnoll bouda (D:7)
  A sleepcap (D:5)
  8 iguanas
  13 orc wizards
  16 gnolls
  8 adders
  2 shadow imps (D:7)
  3 white imps
  A howler monkey simulacrum (D:8)
  An ufetubus (D:4)
  3 dart slugs
  20 orcs
  7 ball pythons
  6 endoplasms
  3 giant cockroaches
  8 goblins
  2 hobgoblins (D:1)
  9 jackals
  A quokka (D:4)
  3 bats
  5 frilled lizards
  12 kobolds
  3 rats
167 creatures vanquished.

Table legend:
 A = Non-vault XP
 B = Vault XP
 C = Vault XP percentage of total XP
 D = Non-vault monster count
 E = Vault monster count
 F = Vault count percentage of total count
                 A         B        C        D         E       F
            +---------+---------+-------+---------+---------+-------
      Total |    3373 |     757 |  18.3 |     146 |      21 |  12.6
            +---------+---------+-------+---------+---------+-------
        D:1 |      48 |       0 |   0.0 |      28 |       0 |   0.0
        D:2 |      29 |       0 |   0.0 |       4 |       0 |   0.0
        D:3 |     102 |       0 |   0.0 |      14 |       0 |   0.0
        D:4 |     257 |       0 |   0.0 |      27 |       0 |   0.0
        D:5 |     783 |       0 |   0.0 |      17 |       0 |   0.0
        D:6 |     944 |      86 |   8.3 |      22 |       2 |   8.3
        D:7 |    1095 |     368 |  25.2 |      32 |      16 |  33.3
        D:8 |     115 |     303 |  72.5 |       2 |       3 |  60.0
            +---------+---------+-------+---------+---------+-------

Skill      XL: |  1  2  3  4  5  6  7  8  9 |
---------------+----------------------------+-----
Fighting       | 2 3 4 5 6 |  6.1
Dodging        | 3 4 5 6 |  6.5
Unarmed Combat | 4 |  4.2
Poison Magic   | 2 4 6 |  6.0
Shapeshifting  | 4 5 6 |  6.0
Spellcasting   | 2 |  2.7
Air Magic      | 3 |  3.0

Action                     |  1- 3 |  4- 6 |  7- 9 || total
---------------------------+-------+-------+-------++-------
  Melee: Unarmed           |    60 |    91 |   219 ||   370
         Constrict         |    14 |    23 |    77 ||   114
         Tentacles         |    11 |    20 |    89 ||   120
         Punch             |       |     4 |    12 ||    16
    Use: Scroll            |     1 |     3 |     5 ||     9
         Potion            |       |     1 |     1 ||     2
   Stab: Sleeping          |     4 |     5 |       ||     9
         Distracted        |       |       |     2 ||     2
 Armour: Skin              |     4 |     4 |    36 ||    44
  Dodge: Dodged            |    36 |    62 |   185 ||   283

Illustrated notes

Table legend:
 A = Kills in this place as a percentage of kills in the entire game.
 B = Kills by you in this place as a percentage of kills by you in the entire game.
 C = Kills by friends in this place as a percentage of kills by friends in the entire game.
 D = Other kills in this place as a percentage of other kills in the entire game.
 E = Experience gained in this place as a percentage of experience gained in the entire game.
 F = Experience gained in this place divided by the number of levels of this place that you have seen.
                   A       B       C       D       E      F
               +-------+-------+-------+-------+-------+----------------------
         Total | 100.0 | 100.0 |   N/A |   N/A | 100.0 | 458.9
       Dungeon | 100.0 | 100.0 |   N/A |   N/A | 100.0 | 516.2
               +-------+-------+-------+-------+-------+----------------------

Table legend: (Time is in decaauts)
 A = Elapsed time spent in this place.
 B = Non-inter-level travel time spent in this place.
 C = Inter-level travel time spent in this place.
 D = Time resting spent in this place.
 E = Time spent auto-exploring this place.
 F = Levels seen in this place.
 G = Mean time per level.
                   A        B        C        D        E       F      G
               +--------+--------+--------+--------+--------+-----+--------+
         Total |   8386 |   7921 |    465 |    463 |   6560 |   9 |  931.8 |
       Dungeon |   8320 |   7919 |    401 |    463 |   6560 |   8 | 1040.0 |
        Temple |     66 |      2 |     64 |      0 |      0 |   1 |   66.0 |
               +--------+--------+--------+--------+--------+-----+--------+

Top non-repeatable levels by time:
     D:6: 1741 daAuts
     D:7: 1735 daAuts
     D:4: 1434 daAuts
     D:3: 824 daAuts
     D:5: 802 daAuts
     D:2: 787 daAuts
     D:1: 649 daAuts
     D:8: 343 daAuts
  Temple: 66 daAuts
